 Dungeon Crawl Stone Soup version 0.29-a0-1043-g569b05d6ff (webtiles) character file.

Game seed: 13898058108930912894

51 Zonian the Chiller (level 3, -3/16 HPs)
             Began as a Vine Stalker Ice Elementalist on Aug 16, 2022.
             Slain by Sigmund
             ... wielding a +0 scythe
              (7 damage)
             ... on level 2 of the Dungeon.
             The game lasted 00:03:17 (2418 turns).

Zonian the Chiller (Vine Stalker Ice Elementalist)  Turns: 2418, Time: 00:03:17

Health: -3/16      AC:  2    Str: 10    XL:     3   Next: 83%
Magic:  0/8        EV: 12    Int: 17    God:
Gold:   81         SH:  0    Dex: 14    Spells: 6/7 levels left

rFire   . . .      SeeInvis .   h - +2 broad axe (flame)
rCold   . . .      Faith    .   (no shield)
rNeg    . . .      Spirit   +   a - +0 robe
rPois   .          Reflect  .   (no helmet)
rElec   .          Harm     .   (no cloak)
rCorr   .          Rampage  .   (no gloves)
Will    .....                   (no boots)
Stlth   ++........              (no amulet)
HPRegen 0.05/turn               (no ring)
MPRegen 0.11/turn               (no ring)

@: no status effects
A: fangs 2, magic shield, antimagic bite, no potion heal 2
a: no special abilities


You were on level 2 of the Dungeon.
You visited 1 branch of the dungeon, and saw 2 of its levels.

You collected 81 gold pieces.

Inventory:

Hand Weapons
 e - a +0 dagger
 h - a +2 broad axe of flaming (weapon)
Armour
 a - a +0 robe (worn)
Wands
 k - a wand of mindburst (10)
Scrolls
 c - 3 scrolls of identify
 d - a scroll of magic mapping {unknown}
 g - a scroll of silence {unknown}
Potions
 b - a potion of magic
 f - a potion of cancellation


   Skills:
 + Level 2.1 Dodging
 + Level 3.3 Stealth
 + Level 2.8 Spellcasting
 + Level 4.3 Ice Magic


You had 6 spell levels left.
You knew the following spells:

 Your Spells              Type           Power      Damage    Failure   Level
a - Freeze                Ice            68%        1d8       3%          1

Your spell library contained the following spells:

 Spells                   Type           Power      Damage    Failure   Level
 Frozen Ramparts          Ice            34%        1d6       9%          3
 Ozocubu's Armour         Ice            17%        N/A       9%          3
 Foxfire                  Conj/Fire      8%         2x1d4     19%         1
 Conjure Flame            Conj/Fire      2%         6-21      47%         3
 Inner Flame              Hex/Fire       2%         N/A       47%         3
 Hailstorm                Conj/Ice       9%         3d4       58%         4
 Flame Wave               Conj/Fire      2%         2d4       87%         4


Dungeon Overview and Level Annotations

Branches:
Dungeon (2/15)

Altars:

Shops:
D:2 ?

Annotations:
D:2 Sigmund


Innate Abilities, Weirdness & Mutations

You have extremely sharp teeth.
When hurt, damage is shared between your health and your magic reserves.
Your bite disrupts and absorbs the magic of your enemies.
Potions cannot restore your health.


Message History

You kill the adder!
You feel sick.
Unknown command.
You start resting.
You feel sick. x6
You are no longer poisoned.
You start resting.
An endoplasm comes into view.
An endoplasm is nearby!
An endoplasm is nearby!
Unknown command.
Sigmund the Dreaded comes into view.
He is wielding a +0 scythe.
Sigmund shouts!
As you read the scroll labelled APUCRE EFRAOT, it crumbles to dust.
It is a scroll of identify.
f - a potion of cancellation Sigmund drinks a potion.
Sigmund seems to grow stronger.
It was a potion of curing.
That felt strangely inert.
Sigmund barely misses you.
As you read the scroll labelled LORESE JASMUIKHE, it crumbles to dust.
It is a scroll of amnesia.
Really abort (and waste the scroll)?
Okay, then.
Sigmund misses you.
This is a scroll of acquirement!
Something appears at your feet!
h - a +2 broad axe of flaming Sigmund hits you but does no damage.
Your +2 broad axe of flaming bursts into flame!
h - a +2 broad axe of flaming (weapon)
Unknown command.
Okay, then.
Sigmund screams, "Don't try to resist!"
Sigmund casts a spell.
Sigmund flickers and vanishes!
Deactivating autopickup; reactivate with Ctrl-A.
You hit something. You burn something. Your punch misses something.
Your bite misses something. Something barely misses you.
Unknown command.
You closely miss something. Your bite misses something. Something hits you!
You die...

# #.#. ....####### #.J.
#...{@..# #..# #######.#
#..# ### #.## #..# ...##
#..###..# ..[>####
##...#..# .......######
###.#..#
...........>#########....#
.)....#####.........###..#
.......# #########...#..#


There were no monsters in sight!

Vanquished Creatures
  2 adders (D:2)
  2 worms (D:2)
  A dart slug (D:2)
  A ball python (D:2)
  3 bats
  3 endoplasms (D:1)
  2 goblins (D:1)
  3 hobgoblins (D:1)
  3 kobolds (D:1)
  2 quokkas
  A frilled lizard (D:1)
  A rat (D:2)
24 creatures vanquished.

Notes
Turn   | Place    | Note
-------+----------+-------------------------------------------
     0 | D:1      | Zonian the Vine Stalker Ice Elementalist began the quest
                  | for the Orb.
     0 | D:1      | Reached XP level 1. HP: 9/9 MP: 4/4
   355 | D:1      | Found a faded altar of an unknown god.
   817 | D:1      | Reached XP level 2. HP: 12/13 MP: 3/6
  1835 | D:2      | Found Boyfad's Magic Scroll Emporium.
  1911 | D:2      | Reached XP level 3. HP: 14/16 MP: 5/7
  2407 | D:2      | Noticed Sigmund
  2413 | D:2      | Identified a scroll of acquirement
  2413 | D:2      | Acquired a +2 broad axe of flaming
  2418 | D:2      | Slain by Sigmund

Illustrated notes

Levels and vault maps discovered:
D:1:      dpeg_arrival_rooms_with_view, layout_loops_ring,
          hellmonk_ecumenical_altar_arch_garden
D:2:      layout_rooms, serial_shops, shop_statue, shop, shop, shop,
          nicolae_diamond_shop, minmay_ruptured, uniq_sigmund

Skill      XL: |  1  2  3 |
---------------+----------+-----
Stealth        | 3 |  3.3
Dodging        | 2 |  2.1
Spellcasting   | |  2.8
Ice Magic      | |  4.3

Action                   || total
-------------------------++-------
Melee: Unarmed           ||    12
       Bite              ||    24
       Dagger            ||    45
       Punch             ||     1
       Broad axe         ||     2
 Cast: Freeze            ||    25
  Use: Scroll            ||     3
       Potion            ||     1
 Stab: Sleeping          ||     1
Armor: Robe              ||    14
Dodge: Dodged            ||    47

Table legend: (Time is in decaauts)
 A = Elapsed time spent in this place.
 B = Non-inter-level travel time spent in this place.
 C = Inter-level travel time spent in this place.
 D = Time resting spent in this place.
 E = Time spent auto-exploring this place.
 F = Levels seen in this place.
 G = Mean time per level.
                   A        B        C        D        E       F      G
               +--------+--------+--------+--------+--------+-----+--------+
         Total |   2418 |   2378 |     40 |   1152 |    937 |   2 | 1209.0 |
       Dungeon |   2418 |   2378 |     40 |   1152 |    937 |   2 | 1209.0 |
               +--------+--------+--------+--------+--------+-----+--------+

Top non-repeatable levels by time:
     D:1: 2066 daAuts
     D:2: 352 daAuts
